Map: Rhoskallian LE

Players

zoid

  • Race: Terran Terran
  • Spawn Location: 5:00

bvdcent

  • Race: Protoss Protoss
  • League: Diamond
  • Spawn Location: 6:00

qqq - Winner!

  • Race: Protoss Protoss
  • League: Platinum
  • Spawn Location: 11:00

Massa - Winner!

  • Race: Terran Terran
  • League: Platinum
  • Spawn Location: 12:00

VOD

Have the link to the VOD?

Description

Time

  • Played on: Dec. 17, 2020, 12:07 p.m.
  • Length: 26:54
Show
View Real Time Build Order
Export as new Build Order

zoid Terran 

Build Orders:  

Get SALT Encoding   

  12  0:00  SCV  
  13  0:16  SCV  
  14  0:28  SCV  
  14  0:29  Supply Depot  
  15  0:51  SCV  
  15  0:52  Barracks  
  16  1:06  SCV  
  17  1:18  SCV  
  18  1:30  SCV  
  19  1:39  Marine  
  20  1:57  Orbital Command  
  20  1:58  Supply Depot  
  20  2:02  Marine  
  20  2:14  Refinery  
  19  2:17  Barracks  
  19  2:21  Marine  
  20  2:29  SCV  
  20  2:39  Marine  
  20  2:41  SCV  
  22  2:57  Marine  
  23  3:00  Command Center  
  23  3:07  Marine  
  23  3:10  Supply Depot  
  23  3:11  SCV  
  25  3:15  Marine  
  25  3:16  Engineering Bay  
  26  3:23  SCV  
  26  3:24  Refinery  
  27  3:27  Marine  
  27  3:33  Marine  
  29  3:40  SCV  
  30  3:52  SCV  
  31  4:04  SCV, Marine  
  31  4:06  Factory  
  33  4:16  SCV  
  34  4:17  Marine  
  34  4:23  Supply Depot  
  35  4:24  Planetary Fortress  
  35  4:27  Missile Turret  
  35  4:28  SCV  
  36  4:36  Refinery  
  36  4:39  Missile Turret  
  36  4:40  SCV  
  37  4:47  Marine x2  
  37  4:50  Factory Tech Lab  
  40  4:52  SCV  
  40  5:02  SCV  
  40  5:05  SCV  
  42  5:08  Marine  
  42  5:09  Siege Tank  
  42  5:10  Starport  
  46  5:14  SCV  
  46  5:17  SCV  
  48  5:26  SCV  
  49  5:29  SCV  
  49  5:32  Factory  
  49  5:33  Marine  
  51  5:38  SCV  
  51  5:41  SCV  
  51  5:42  Siege Tank  
  56  5:50  Starport Tech Lab, SCV  
  56  5:55  SCV  
  58  6:01  Supply Depot  
  58  6:04  Armory  
  58  6:05  SCV  
  59  6:12  Viking  
  59  6:13  Marine  
  59  6:18  Factory Tech Lab  
  62  6:19  Supply Depot  
  62  6:22  SCV x2, Marine  
  64  6:34  SCV  
  64  6:37  Command Center  
  64  6:38  Widow Mine  
  67  6:45  SCV  
  68  6:48  Refinery  
  68  6:53  SCV  
  69  7:00  Terran Vehicle Weapons Level 1  
  69  7:02  Armory  
  69  7:03  Supply Depot  
  69  7:07  Raven  
  71  7:08  SCV  
  71  7:09  SCV  
  71  7:14  Supply Depot  
  73  7:18  Siege Tank  
  76  7:24  SCV  
  76  7:25  Siege Tank  
  76  7:28  Supply Depot  
  80  7:31  SCV  
  81  7:48  Starport  
  81  7:50  Siege Tank  
  84  7:52  SCV x2  
  84  7:57  Refinery  
  86  8:03  Refinery  
  86  8:06  Missile Turret  
  86  8:11  Viking  
  88  8:13  Terran Vehicle And Ship Armor Level 1  
  88  8:20  Planetary Fortress  
  88  8:22  SCV x2  
  90  8:39  SCV x2  
  92  8:48  Supply Depot  
  92  8:49  Starport Tech Lab  
  92  8:50  Viking  
  92  8:51  SCV  
  92  8:52  Siege Tank x2  
  101  9:01  Fusion Core  
  101  9:03  Terran Ship Weapons Level 1  
  101  9:04  Supply Depot  
  101  9:18  Supply Depot  
  101  9:24  Siege Tank  
  101  9:27  SCV  
  101  9:28  Missile Turret  
  105  9:38  Thor  
  111  9:48  Supply Depot  
  111  9:49  Supply Depot  
  111  9:59  Battlecruiser  
  117  10:00  Battlecruiser  
  123  10:12  Terran Vehicle And Ship Armor Level 2  
  123  10:17  Supply Depot  
  123  10:19  Supply Depot  
  123  10:27  Starport  
  123  10:29  Starport  
  123  10:39  Command Center  
  123  10:48  Thor  
  123  10:49  Thor  
  135  10:55  Supply Depot  
  135  11:04  Battlecruiser  
  141  11:18  Supply Depot  
  138  11:31  Battlecruiser  
  138  11:32  Thor  
  126  11:55  Widow Mine  
  128  12:01  Planetary Fortress  
  128  12:05  Refinery  
  128  12:08  Viking  
  118  12:15  Widow Mine  
  118  12:16  Thor  
  118  12:20  SCV x3  
  127  12:32  SCV, Terran Vehicle Weapons Level 2  
  127  12:33  Terran Vehicle And Ship Armor Level 3  
  127  12:35  Refinery, Viking  
  130  12:44  Missile Turret  
  130  12:50  Battlecruiser  
  136  12:52  Starport Tech Lab x2  
  136  13:03  Thor  
  138  13:39  Battlecruiser  
  138  13:40  Battlecruiser  
  150  14:01  Widow Mine, Battlecruiser  
  152  14:39  Battlecruiser  
  152  14:44  Battlecruiser  
  164  14:47  Terran Ship Weapons Level 2  
  164  14:54  Thor  
  170  15:11  Terran Vehicle Weapons Level 3  
  168  15:16  Battlecruiser  
  174  15:28  Thor  
  168  15:39  Battlecruiser  
  150  15:46  Marine x2  
  150  15:47  Supply Depot  
  144  15:51  Supply Depot  
  144  15:52  Siege Tank  
  144  15:55  Battlecruiser  
  151  16:04  Marine x2  
  156  16:11  Siege Tank  
  150  16:22  Marine x2  
  150  16:24  Siege Tank  
  155  16:30  Viking  
  157  16:35  Viking  
  157  16:39  Marine  
  135  16:40  Marine  
  135  16:43  Viking, Siege Tank  
  124  16:56  Siege Tank  
  124  16:57  Marine  
  124  16:58  Marine  
  124  16:59  Viking  
  124  17:00  Viking  
  116  17:05  Viking  
  105  17:13  Viking  
  105  17:15  Marine x2, Thor  
  113  17:17  SCV x3  
  117  17:28  Thor  
  117  17:29  SCV x2, Viking  
  119  17:30  Viking  
  119  17:33  Marine x2  
  117  17:50  Viking x2  
  117  17:51  Marine x2  
  121  17:58  Siege Tank  
  124  18:02  Terran Ship Weapons Level 3  
  124  18:05  Viking  
  123  18:09  Marine x2  
  123  18:11  Thor  
  121  18:23  Viking  
  121  18:26  Marine  
  121  18:27  Marine  
  116  18:30  Hellion  
  112  18:37  Missile Turret  
  112  18:39  Missile Turret  
  106  18:41  Missile Turret  
  106  18:44  Marine x2  
  106  18:45  Missile Turret, Viking x2  
  104  18:52  Hellion  
  104  18:54  Thor  
  104  18:55  SCV x3  
  114  19:02  Marine x2  
  116  19:04  Barracks x2  
  117  19:11  Viking x2  
  117  19:12  Barracks  
  117  19:13  Thor  
  127  19:20  Marine x2  
  127  19:21  Command Center  
  129  19:27  Refinery  
  129  19:29  Refinery  
  129  19:38  Marine x2  
  131  19:39  Thor  
  137  19:49  Viking  
  139  19:55  Marine  
  139  19:56  Marine  
  100  20:09  Thor  
  100  20:13  Marine x2  
  100  20:23  Hellion  
  100  20:27  Marine x3  
  105  20:31  Marine x2  
  107  20:44  Hellion  
  107  20:45  Orbital Command, Marine x3  
  107  20:47  Missile Turret  
  107  20:49  Marine x2, Missile Turret x2  
  114  20:52  Viking x2  
  114  20:53  Viking x2  
  114  20:56  Siege Tank  
  125  21:07  Marine x2  
  125  21:23  Thor  
  125  21:24  Marine x4  
  125  21:25  Marine  
  128  21:30  Viking  
  103  21:36  Thor  
  93  21:42  Marine x4  
  93  21:43  Marine  
  90  21:59  Marine  
  90  22:00  Marine x4  
  95  22:02  SCV x2  
  95  22:03  SCV  
  93  22:16  Thor  
  93  22:17  Marine x2  
  93  22:18  Marine x3  
  99  22:37  Thor  
  105  22:48  Command Center  
  103  22:51  Viking  
  103  22:52  Marine x2  
  103  22:59  Thor  
  103  23:04  Marine x3  
  109  23:20  Thor  
  109  23:21  Viking x2  
  109  23:26  Viking x2  
  121  23:27  Marine x2  
  123  23:35  Marine x2  
  117  23:49  Marine x3  
  117  23:51  Viking x2  
  102  24:01  Planetary Fortress  
  101  24:05  Marine x2  
  101  24:07  Marine  
  104  24:13  Marine x2  
  106  24:23  Marine x2, Thor  
  112  24:25  Marine  
  112  24:31  Marine x2  
  113  24:34  Viking  
  116  24:40  Marine  
  116  24:43  Refinery  
  117  24:47  Thor  
  117  24:49  Marine x2  
  125  25:06  Widow Mine  
  125  25:14  Viking  
  125  25:15  Refinery, Marine x2, Viking  
  125  25:16  Marine  
  132  25:28  Widow Mine  
  133  25:29  SCV x2  
  133  25:35  Marine x3  
  128  25:54  Marine  
  128  25:55  Marine x2  
  127  26:01  Thor  
  127  26:02  Thor, Missile Turret  
  127  26:03  Marine  
Show
View Real Time Build Order
Export as new Build Order

bvdcent Protoss 

Build Orders: Nexus First, Carriers 

Get SALT Encoding   

  12  0:00  Probe (Chrono Boost)  
  13  0:10  Probe (Chrono Boost)  
  14  0:16  Probe  
  15  0:48  Nexus  
  15  0:59  Pylon  
  15  1:17  Probe  
  16  1:19  Forge  
  16  1:29  Probe (Chrono Boost)  
  17  1:41  Probe (Chrono Boost)  
  18  1:53  Photon Cannon  
  18  1:56  Photon Cannon  
  18  2:03  Probe  
  19  2:09  Probe  
  20  2:17  Assimilator  
  20  2:26  Probe (Chrono Boost)  
  21  2:38  Probe (Chrono Boost)  
  21  2:41  Gateway  
  21  2:43  Probe (Chrono Boost)  
  23  2:45  Probe (Chrono Boost)  
  23  2:49  Probe (Chrono Boost), Assimilator  
  25  3:02  Probe (Chrono Boost)  
  25  3:05  Probe (Chrono Boost)  
  27  3:12  Gateway x2  
  28  3:13  Probe (Chrono Boost)  
  28  3:16  Probe (Chrono Boost)  
  28  3:17  Probe (Chrono Boost)  
  30  3:25  Probe  
  31  3:28  Probe  
  31  3:34  Cybernetics Core  
  32  3:39  Pylon  
  32  3:40  Probe x2 (Chrono Boost)  
  34  3:52  Probe (Chrono Boost)  
  34  3:55  Probe (Chrono Boost)  
  36  3:59  Probe (Chrono Boost)  
  38  4:02  Probe  
  38  4:04  Assimilator  
  38  4:08  Assimilator  
  38  4:10  Stargate  
  38  4:13  Probe, Stargate  
  38  4:15  Probe  
  40  4:20  Pylon x2  
  40  4:25  Probe  
  40  4:26  Probe  
  42  4:33  Probe  
  42  4:34  Probe  
  43  4:43  Protoss Air Weapons Level 1 (Chrono Boost)  
  43  4:44  Nexus  
  45  4:47  Pylon  
  45  4:48  Void Ray  
  45  4:50  Void Ray  
  46  4:58  Probe  
  46  4:59  Probe  
  54  5:10  Probe (Chrono Boost)  
  54  5:11  Probe (Chrono Boost)  
  56  5:15  Assimilator  
  56  5:20  Assimilator  
  57  5:23  Probe x2 (Chrono Boost)  
  57  5:27  Fleet Beacon  
  57  5:28  Probe x2 (Chrono Boost)  
  58  5:29  Stargate  
  60  5:37  Probe x2  
  62  5:49  Probe x2  
  64  6:01  Probe x2  
  64  6:02  Probe  
  67  6:08  Carrier (Chrono Boost)  
  79  6:13  Probe x2  
  79  6:18  Probe, Carrier (Chrono Boost)  
  81  6:22  Pylon  
  81  6:25  Probe x2  
  80  6:31  Probe  
  82  6:34  Carrier (Chrono Boost)  
  82  6:37  Probe x2  
  82  6:38  Pylon  
  84  6:40  Pylon  
  84  6:43  Pylon  
  90  6:47  Photon Cannon  
  90  6:50  Probe, Pylon  
  91  7:05  Protoss Air Weapons Level 2 (Chrono Boost)  
  97  7:16  Carrier (Chrono Boost)  
  103  7:23  Carrier (Chrono Boost)  
  103  7:25  Photon Cannon  
  103  7:27  Photon Cannon, Shield Battery  
  103  7:30  Photon Cannon  
  103  7:33  Photon Cannon  
  103  7:36  Photon Cannon  
  103  7:49  Nexus  
  103  7:51  Probe  
  103  7:52  Probe x2  
  103  7:58  Carrier (Chrono Boost)  
  106  8:03  Probe  
  106  8:04  Probe  
  114  8:11  Protoss Shields Level 1, Cybernetics Core  
  114  8:14  Pylon  
  114  8:15  Pylon  
  114  8:22  Twilight Council  
  114  8:26  Robotics Facility  
  114  8:30  Pylon  
  114  8:32  Stargate  
  114  8:33  Stargate  
  114  8:37  Pylon  
  114  8:38  Probe  
  114  8:40  Probe x2  
  117  8:51  Probe  
  117  8:52  Probe  
  117  8:53  Probe  
  117  8:54  Assimilator  
  120  8:58  Assimilator, Protoss Air Armor Level 1 (Chrono Boost)  
  126  9:03  Carrier (Chrono Boost)  
  126  9:04  Probe x2  
  126  9:05  Probe  
  129  9:14  Observer  
  129  9:15  Protoss Air Weapons Level 3 (Chrono Boost)  
  136  9:29  Probe  
  136  9:30  Probe x2  
  139  9:32  Carrier (Chrono Boost)  
  139  9:35  Observer  
  140  9:42  Carrier (Chrono Boost)  
  152  9:52  Carrier (Chrono Boost)  
  158  9:56  Carrier (Chrono Boost)  
  158  9:58  Observer  
  159  10:13  Carrier  
  165  10:19  Observer  
  166  10:27  Carrier  
  172  10:36  Nexus  
  172  10:37  Pylon  
  172  10:39  Pylon  
  172  10:41  Pylon  
  172  10:45  Assimilator  
  172  10:47  Pylon x2  
  172  10:48  Protoss Shields Level 2 (Chrono Boost)  
  172  10:50  Assimilator  
  172  10:51  Pylon  
  172  10:52  Pylon  
  172  10:53  Pylon  
  172  10:54  Pylon  
  178  11:03  Carrier (Chrono Boost)  
  178  11:12  Protoss Air Armor Level 2 (Chrono Boost)  
  178  11:19  Carrier x2 (Chrono Boost)  
  186  11:31  Carrier (Chrono Boost)  
  179  11:49  Probe x2  
  179  11:50  Probe x2, Warp Gate (Chrono Boost)  
  173  12:03  Carrier x2  
  173  12:07  Probe  
  173  12:08  Probe x3  
  183  12:11  Assimilator  
  183  12:16  Carrier  
  183  12:20  Probe x4  
  183  12:22  Carrier  
  199  12:29  Gateway  
  199  12:31  Gateway  
  199  12:35  Gateway  
  199  12:36  Charge (Chrono Boost)  
  199  12:45  Gateway  
  199  12:47  Gateway  
  199  12:50  Templar Archives  
  187  13:02  Carrier  
  187  13:07  Carrier  
  163  13:21  Observer  
  139  13:45  Carrier x3  
  157  14:01  Protoss Shields Level 3 (Chrono Boost)  
  157  14:02  Psionic Storm  
  157  14:06  Carrier, Blink (Chrono Boost)  
  163  14:22  Carrier  
  169  14:36  Nexus  
  169  14:37  Probe x3  
  169  14:38  Probe x2, Pylon  
  174  14:40  Pylon  
  174  14:42  Pylon  
  174  14:44  Assimilator  
  174  14:49  Assimilator  
  162  15:10  Carrier x2 (Chrono Boost)  
  162  15:11  Carrier (Chrono Boost)  
  156  15:39  Carrier x2 (Chrono Boost)  
  149  15:58  Stalker x6  
  149  16:11  Carrier x2 (Chrono Boost)  
  133  16:27  Zealot x6  
  128  16:48  Carrier x2  
  128  16:51  High Templar x4  
  128  16:52  High Templar x2  
  146  16:58  Carrier  
  150  17:08  Carrier  
  144  17:23  Carrier  
  138  17:53  Carrier x2 (Chrono Boost)  
  150  18:16  Carrier x2 (Chrono Boost)  
  156  18:33  Probe x4, Carrier (Chrono Boost), Nexus  
  160  18:36  Probe  
  167  18:43  Zealot x5  
  167  18:44  Zealot  
  167  18:45  Probe x3  
  167  18:46  Probe  
  183  18:48  Probe  
  184  18:57  Probe  
  185  19:05  Zealot x6  
  197  19:10  Probe x3  
  200  19:39  Gateway  
  200  19:41  Gateway  
  139  20:03  Archon x2  
  139  20:04  Archon  
  139  20:12  Stalker x6  
  139  20:30  Assimilator  
  139  20:33  Carrier x2 (Chrono Boost)  
  139  20:34  Carrier x3 (Chrono Boost)  
  129  20:41  Observer  
  149  20:55  Stalker x4  
  149  20:56  Stalker x4  
  137  21:30  Carrier  
  137  21:31  Carrier x2  
  153  21:38  Zealot x7  
  153  21:39  Zealot  
  151  22:03  Carrier x2 (Chrono Boost)  
  151  22:08  Zealot x4  
  157  22:09  Zealot x2  
  129  22:32  Carrier x2 (Chrono Boost), Zealot x5  
  129  22:33  Carrier (Chrono Boost), Zealot x3  
  145  23:08  Zealot x6  
  145  23:09  Zealot x2  
  145  23:10  Carrier  
  133  23:42  Stalker x5  
  133  23:43  Stalker x3  
  133  23:44  Carrier  
  127  24:05  Zealot x3  
  127  24:06  Zealot x5  
  103  24:26  Stalker x3  
  103  24:27  Stalker x2  
  75  24:55  High Templar x5  
  75  24:56  High Templar  
  74  25:27  Zealot  
  74  25:28  Zealot x4  
  45  26:21  Archon  
Show
View Real Time Build Order
Export as new Build Order

qqq Protoss - Winner!

Build Orders: Cannon Rush, Carriers 

Get SALT Encoding   

  12  0:01  Probe  
  13  0:13  Probe  
  14  0:28  Pylon  
  14  0:34  Probe  
  15  0:46  Probe  
  15  0:49  Forge  
  16  1:06  Pylon  
  16  1:07  Pylon  
  16  1:20  Pylon  
  16  1:33  Photon Cannon  
  16  1:42  Photon Cannon  
  16  1:51  Photon Cannon  
  14  2:01  Probe  
  15  2:13  Probe  
  16  2:26  Probe  
  17  2:38  Probe  
  18  2:48  Pylon  
  18  2:59  Probe  
  18  3:01  Assimilator  
  18  3:02  Nexus  
  18  3:05  Assimilator  
  19  3:09  Gateway  
  19  3:15  Probe  
  20  3:26  Pylon  
  20  3:27  Probe  
  21  3:39  Probe  
  22  3:51  Probe (Chrono Boost)  
  23  4:00  Cybernetics Core  
  24  4:03  Probe (Chrono Boost)  
  24  4:08  Probe (Chrono Boost)  
  25  4:14  Probe (Chrono Boost)  
  26  4:18  Probe (Chrono Boost)  
  26  4:23  Probe (Chrono Boost)  
  28  4:25  Probe (Chrono Boost)  
  28  4:28  Probe (Chrono Boost)  
  30  4:32  Probe  
  30  4:36  Stargate  
  31  4:40  Probe  
  31  4:44  Probe  
  33  4:46  Stargate  
  33  4:49  Pylon  
  33  4:52  Probe (Chrono Boost)  
  34  4:55  Assimilator  
  34  4:59  Assimilator  
  35  5:02  Probe (Chrono Boost)  
  35  5:04  Probe (Chrono Boost)  
  36  5:09  Probe (Chrono Boost)  
  36  5:10  Probe (Chrono Boost)  
  38  5:17  Oracle (Chrono Boost)  
  38  5:19  Probe  
  38  5:20  Probe, Protoss Air Weapons Level 1 (Chrono Boost)  
  43  5:31  Probe  
  43  5:32  Probe  
  43  5:33  Phoenix (Chrono Boost)  
  47  5:43  Probe  
  48  5:50  Phoenix  
  48  5:55  Probe  
  51  6:12  Phoenix  
  51  6:14  Nexus  
  51  6:15  Phoenix  
  51  6:16  Pylon  
  55  6:19  Pylon  
  55  6:31  Pylon  
  52  6:33  Pylon  
  52  6:37  Phoenix  
  57  6:40  Phoenix  
  54  6:42  Nexus  
  54  6:46  Pylon  
  56  6:56  Photon Cannon  
  56  6:57  Fleet Beacon  
  56  7:08  Protoss Air Armor Level 1 (Chrono Boost)  
  56  7:14  Phoenix  
  56  7:15  Photon Cannon  
  58  7:18  Phoenix  
  58  7:19  Photon Cannon  
  60  7:32  Probe (Chrono Boost)  
  61  7:37  Void Ray  
  61  7:41  Probe (Chrono Boost)  
  68  7:46  Probe (Chrono Boost)  
  67  7:51  Tempest (Chrono Boost)  
  67  7:58  Probe, Assimilator  
  73  8:02  Probe, Assimilator  
  74  8:10  Probe  
  75  8:14  Probe  
  75  8:17  Tempest (Chrono Boost)  
  76  8:22  Probe  
  76  8:26  Probe  
  83  8:30  Tempest (Chrono Boost), Robotics Facility  
  88  8:34  Probe  
  88  8:38  Probe  
  90  8:46  Probe  
  91  8:50  Probe  
  91  8:53  Tempest  
  97  8:58  Probe, Photon Cannon  
  97  9:02  Probe  
  99  9:06  Stargate  
  99  9:07  Tempest  
  104  9:10  Probe, Pylon  
  104  9:14  Probe  
  106  9:20  Assimilator  
  106  9:23  Probe, Observer, Assimilator  
  108  9:26  Probe  
  108  9:30  Anion Pulse-Crystals (Chrono Boost)  
  109  9:35  Probe  
  109  9:36  Tempest  
  115  9:39  Probe  
  115  9:45  Observer  
  117  9:47  Probe  
  117  9:50  Tempest  
  117  9:51  Probe  
  124  9:59  Probe  
  125  10:03  Probe  
  126  10:07  Protoss Air Weapons Level 2 (Chrono Boost)  
  126  10:08  Carrier  
  126  10:11  Probe  
  133  10:15  Probe  
  134  10:23  Probe  
  134  10:27  Probe  
  134  10:28  Nexus  
  136  10:30  Pylon  
  136  10:34  Pylon  
  136  10:35  Probe  
  137  10:37  Pylon  
  137  10:39  Probe  
  137  10:40  Pylon  
  138  10:45  Pylon  
  138  10:47  Probe, Pylon  
  138  10:48  Observer, Tempest  
  145  10:50  Pylon  
  145  10:51  Probe  
  145  10:53  Carrier  
  152  10:58  Pylon  
  152  10:59  Probe  
  152  11:03  Probe  
  127  11:39  Tempest x2  
  122  11:55  Probe  
  122  11:56  Tempest  
  128  12:07  Probe  
  129  12:17  Stargate x2  
  129  12:19  Probe  
  129  12:21  Pylon  
  129  12:22  Tempest x2  
  140  12:23  Pylon  
  140  12:25  Pylon  
  140  12:30  Pylon  
  140  12:31  Probe  
  140  12:33  Protoss Air Armor Level 2  
  140  12:35  Photon Cannon  
  141  12:38  Probe, Photon Cannon  
  141  12:39  Tempest  
  141  12:43  Probe, Photon Cannon  
  148  12:50  Probe  
  137  13:02  Probe  
  137  13:05  Tempest x2  
  148  13:10  Tempest x2  
  146  13:22  Carrier  
  105  13:42  Void Ray  
  105  13:48  Tempest, Void Ray  
  104  13:53  Tempest  
  91  14:11  Probe  
  91  14:14  Probe  
  93  14:19  Void Ray  
  93  14:20  Photon Cannon  
  93  14:22  Photon Cannon  
  93  14:23  Probe, Photon Cannon  
  94  14:25  Photon Cannon  
  94  14:26  Probe, Tempest  
  94  14:27  Observer, Probe, Pylon  
  94  14:29  Pylon  
  94  14:31  Carrier, Phoenix, Pylon  
  114  14:33  Shield Battery  
  114  14:35  Probe, Shield Battery  
  114  14:36  Tempest  
  114  14:38  Probe  
  121  14:39  Probe  
  122  14:48  Probe, Observer  
  122  14:49  Photon Cannon  
  122  14:50  Probe  
  122  14:51  Probe  
  126  14:53  Photon Cannon  
  126  14:55  Photon Cannon  
  126  14:57  Nexus  
  116  15:02  Probe  
  116  15:03  Probe  
  118  15:14  Probe  
  118  15:15  Probe  
  101  15:39  Tempest  
  101  15:40  Tempest, Carrier  
  101  15:41  Oracle, Carrier  
  120  16:18  Tempest  
  123  16:22  Tempest  
  122  16:51  Tempest x3  
  122  17:22  Tempest, Carrier  
  123  17:28  Nexus  
  123  17:33  Tempest, Photon Cannon  
  123  17:36  Pylon  
  128  17:39  Photon Cannon, Pylon  
  128  17:42  Photon Cannon  
  128  17:43  Pylon, Shield Battery  
  126  17:46  Probe  
  124  17:58  Probe  
  120  17:59  Phoenix x2  
  120  18:05  Phoenix  
  126  18:10  Probe  
  116  18:22  Probe, Carrier  
  116  18:24  Tempest, Carrier  
  134  18:37  Tempest  
  139  18:53  Observer  
  140  19:00  Photon Cannon  
  140  19:02  Photon Cannon  
  140  19:04  Photon Cannon  
  140  19:06  Probe, Photon Cannon  
  140  19:08  Shield Battery  
  140  19:09  Pylon  
  141  19:14  Observer  
  142  19:18  Probe  
  142  19:19  Photon Cannon  
  142  19:21  Photon Cannon  
  142  19:23  Photon Cannon  
  143  19:27  Shield Battery  
  143  19:30  Probe, Pylon  
  144  19:32  Pylon  
  144  19:34  Protoss Air Weapons Level 3 (Chrono Boost)  
  138  19:43  Probe  
  133  19:47  Pylon  
  133  19:49  Pylon  
  133  19:50  Pylon  
  127  19:55  Probe  
  127  19:56  Void Ray x4  
  132  20:18  Tempest  
  132  20:39  Tempest, Void Ray  
  136  20:44  Tempest x2  
  136  20:46  Probe  
  136  20:49  Assimilator  
  151  20:54  Photon Cannon, Assimilator  
  151  20:58  Probe  
  152  21:10  Probe  
  147  21:22  Probe  
  127  21:34  Probe  
  128  21:42  Void Ray x2  
  123  21:47  Carrier x2  
  109  22:26  Tempest x2, Carrier  
  125  22:33  Probe  
  126  22:45  Probe, Void Ray  
  127  22:57  Probe  
  132  23:09  Probe  
  133  23:14  Tempest x2  
  143  23:21  Probe  
  140  23:33  Probe  
  131  23:38  Protoss Air Armor Level 3  
  115  23:45  Probe  
  116  23:57  Carrier x2  
  116  24:02  Probe  
  124  24:14  Probe  
  125  24:21  Phoenix x2  
  129  24:26  Probe  
  130  24:38  Probe  
  131  24:50  Probe  
  140  25:27  Tempest  
  145  25:28  Nexus  
Show
View Real Time Build Order
Export as new Build Order

Massa Terran - Winner!

Build Orders: Reaper Expand 

Get SALT Encoding   

  12  0:00  SCV  
  13  0:12  SCV  
  14  0:23  Supply Depot  
  14  0:25  SCV  
  15  0:39  Refinery  
  15  0:45  SCV  
  15  0:47  Barracks  
  16  1:00  SCV  
  17  1:13  SCV  
  18  1:49  Reaper  
  19  1:54  Orbital Command, Command Center  
  19  2:07  Factory  
  19  2:39  Command Center  
  19  2:42  SCV  
  20  2:45  Barracks Tech Lab  
  20  2:54  Factory Tech Lab  
  20  3:05  Starport  
  20  3:06  Marine  
  21  3:16  SCV  
  21  3:17  Supply Depot  
  22  3:22  Orbital Command  
  22  3:27  Marine  
  22  3:31  Widow Mine  
  25  4:01  Siege Tank  
  28  4:06  Refinery x2  
  28  4:09  Refinery  
  28  4:11  Orbital Command  
  28  4:12  SCV x2, Engineering Bay  
  30  4:17  Marine  
  31  4:24  SCV x2  
  33  4:36  SCV  
  34  4:40  SCV x2  
  34  4:45  Missile Turret  
  36  4:49  SCV, Missile Turret  
  36  4:52  SCV x2  
  39  4:53  Terran Infantry Weapons Level 1  
  39  4:58  Widow Mine  
  41  5:01  Medivac  
  41  5:04  Marine  
  41  5:06  SCV  
  45  5:08  SCV  
  45  5:10  SCV  
  47  5:18  SCV  
  47  5:21  SCV  
  49  5:22  SCV  
  50  5:30  Marine  
  50  5:31  SCV  
  50  5:33  SCV  
  50  5:34  SCV  
  54  5:48  Marine  
  55  5:51  Barracks  
  55  5:53  Barracks  
  55  5:54  Barracks  
  55  6:00  SCV x3  
  58  6:07  Missile Turret  
  58  6:10  Sensor Tower  
  58  6:12  SCV x3  
  58  6:16  Armory  
  61  6:31  SCV x2  
  61  6:38  Engineering Bay  
  61  6:40  Barracks  
  61  6:43  Barracks Reactor, Barracks Tech Lab  
  61  6:44  Barracks Reactor  
  61  6:47  Terran Infantry Armor Level 1, Starport Reactor  
  61  6:53  Supply Depot  
  61  6:56  Supply Depot  
  61  6:58  Supply Depot x2  
  61  7:04  Orbital Command  
  61  7:09  Stimpack  
  61  7:15  SCV x2, Siege Tank  
  66  7:18  Supply Depot  
  66  7:22  Supply Depot  
  66  7:26  Medivac x2  
  66  7:27  SCV x2, Marine  
  66  7:28  Marine x3  
  76  7:30  Barracks Reactor  
  76  7:31  Marine x2  
  78  7:39  SCV  
  79  7:45  Marine  
  79  7:46  Marine  
  79  7:47  SCV x2, Siege Tank  
  79  7:51  SCV  
  87  7:55  Missile Turret x2  
  87  7:58  Missile Turret  
  87  7:59  SCV x2  
  87  8:03  SCV  
  87  8:05  Missile Turret  
  90  8:09  Sensor Tower  
  90  8:11  SCV x2  
  92  8:13  Marine x5  
  92  8:14  Marine x2  
  92  8:15  SCV  
  92  8:19  Siege Tank  
  103  8:20  Combat Shield  
  103  8:23  SCV x2  
  105  8:35  Marine  
  105  8:36  Marauder, Marine  
  109  8:43  Terran Infantry Armor Level 2  
  109  8:44  Supply Depot  
  109  8:45  Supply Depot  
  109  8:46  Terran Infantry Weapons Level 2  
  109  8:49  Concussive Shells, Supply Depot  
  109  9:06  SCV x3, Marine x5  
  109  9:07  Marauder x2  
  109  9:08  Command Center, Missile Turret  
  121  9:18  SCV  
  121  9:22  Refinery  
  121  9:23  Refinery  
  122  9:27  Missile Turret x2  
  122  9:28  Marauder x2  
  122  9:30  Terran Vehicle Weapons Level 1  
  126  9:37  Supply Depot x2  
  126  9:38  Supply Depot  
  126  9:46  Thor  
  126  9:47  Missile Turret x2  
  126  9:49  Smart Servos  
  126  9:51  Marine  
  133  9:58  Marine x2  
  133  9:59  Marauder x2  
  139  10:02  Supply Depot  
  139  10:04  Supply Depot x2  
  139  10:07  Missile Turret  
  139  10:08  Marine x3, Missile Turret  
  142  10:18  Marine x2  
  142  10:20  Marauder x2  
  148  10:29  Sensor Tower  
  148  10:37  Command Center  
  148  10:40  Medivac x2  
  148  10:42  Marauder  
  154  11:01  Missile Turret  
  154  11:02  Sensor Tower  
  152  11:05  Thor  
  152  11:07  Drilling Claws  
  152  11:10  Viking x2  
  162  11:11  Marine  
  162  11:12  Marauder x2, Marine x5  
  157  11:29  Marine x3  
  140  11:34  Marauder  
  142  11:40  Marauder, Marine, Medivac  
  147  11:48  Thor  
  153  11:55  Marauder  
  153  12:01  Marine  
  153  12:02  Marauder, Planetary Fortress  
  153  12:04  SCV x3  
  116  12:16  SCV, Marauder  
  116  12:17  Medivac x2  
  116  12:21  Marine x4  
  116  12:22  Marine x2  
  117  12:23  Marauder  
  117  12:25  Terran Vehicle Weapons Level 2  
  117  12:27  Terran Infantry Weapons Level 3, Terran Infantry Armor Level 3  
  119  12:31  Refinery  
  119  12:38  Marauder, Marine  
  119  12:39  Marine  
  119  12:41  Missile Turret  
  123  12:45  Marauder  
  123  12:47  Medivac x2  
  129  12:53  Missile Turret  
  129  12:57  Marine x6  
  132  12:59  Marauder  
  132  13:01  Missile Turret  
  134  13:06  Marauder  
  127  13:13  Missile Turret  
  127  13:14  Marine  
  127  13:15  Marine x2  
  127  13:16  Marine  
  127  13:17  Medivac x2  
  118  13:21  Marauder, Missile Turret  
  113  13:27  Marauder  
  113  13:30  Barracks x2  
  113  13:31  Barracks  
  113  13:32  Barracks x2  
  102  13:35  Missile Turret  
  102  13:36  Missile Turret  
  102  13:37  Missile Turret  
  102  13:39  Missile Turret  
  102  13:42  Marauder  
  102  13:43  Armory  
  102  13:44  Ghost Academy  
  104  13:49  Marauder  
  100  14:03  Marauder  
  100  14:04  Marine  
  100  14:05  Marine x5  
  107  14:10  Marauder  
  107  14:18  Thor  
  107  14:22  Marine  
  107  14:23  Marine x5  
  119  14:25  Marauder  
  119  14:27  Missile Turret  
  119  14:28  Missile Turret  
  119  14:31  Marine  
  120  14:40  Marine x2  
  120  14:41  Marine x4  
  122  14:46  Marine  
  122  14:49  Factory, Marine  
  123  14:55  Missile Turret  
  123  14:56  Missile Turret  
  123  14:57  Terran Vehicle And Ship Armor Level 1  
  123  14:58  Marine x2, Missile Turret  
  125  15:04  Neosteel Armor, Hi-Sec Auto Tracking  
  125  15:10  Marine x11  
  136  15:16  Marine x2  
  138  15:27  Marine  
  138  15:28  Marine x3  
  129  15:46  Marine  
  129  15:47  Marine x12  
  133  16:04  Terran Vehicle Weapons Level 3, Marine  
  133  16:05  Marine  
  133  16:08  Marine  
  133  16:09  Marine x10  
  139  16:33  Command Center  
  99  17:08  Marauder  
  99  17:09  Marauder, Marine x4  
  99  17:11  Factory Tech Lab, Thor  
  105  17:30  Marauder  
  95  17:49  Medivac x2  
  74  17:52  Marauder x2, Marine  
  74  17:53  Marine x2  
  74  17:54  Thor x2  
  93  18:04  Refinery  
  91  18:13  Marauder  
  91  18:14  Marauder  
  91  18:19  Medivac x2  
  99  18:23  Marine x6  
  99  18:24  Marine x5  
  104  18:34  SCV  
  104  18:35  SCV x2, Marauder x2  
  104  18:37  Thor  
  104  18:41  Marine x4  
  118  18:46  SCV  
  118  18:47  SCV  
  123  18:50  Missile Turret  
  123  18:56  Marauder  
  123  18:57  Marauder  
  127  19:05  SCV  
  127  19:06  SCV x2  
  130  19:10  Missile Turret  
  130  19:17  Marauder  
  130  19:18  SCV x3  
  135  19:24  Terran Vehicle And Ship Armor Level 2  
  135  19:30  SCV, Missile Turret  
  136  19:34  Marauder, Marine x3  
  141  19:38  Barracks Reactor, Barracks Tech Lab x2  
  141  19:39  Marauder, Marine x4  
  138  19:49  Missile Turret  
  129  19:55  Marauder  
  129  19:56  Marine  
  129  19:58  Siege Tank x2  
  121  20:00  Marauder  
  112  20:16  Marauder, Missile Turret  
  112  20:18  Medivac x2  
  120  20:21  Marauder, Marine  
  120  20:22  Marauder, Marine x7  
  130  20:36  Missile Turret  
  130  20:38  Marauder, Marine x2  
  130  20:39  Marine  
  137  20:43  Marauder x2  
  137  20:48  Medivac  
  141  20:55  Orbital Command, Missile Turret  
  141  20:59  Marauder  
  141  21:03  Thor  
  149  21:04  Marauder  
  151  21:12  Missile Turret  
  151  21:14  Missile Turret  
  151  21:20  Marauder  
  144  21:32  Missile Turret  
  125  21:33  Missile Turret  
  110  21:44  Marauder x4, Marine  
  110  21:45  Marine x9  
  120  21:50  Missile Turret  
  107  21:57  Thor x2  
  115  22:02  Marine x5  
  115  22:03  Marine  
  115  22:05  Marauder  
  115  22:06  Marauder x3  
  122  22:12  Medivac x2  
  119  22:21  Marine  
  119  22:22  Marine x8  
  122  22:26  Marauder  
  122  22:27  Marauder x3  
  130  22:42  Medivac  
  132  22:48  Marauder x4, Missile Turret  
  139  22:56  Siege Tank x2  
  128  23:09  Marauder  
  125  23:18  Orbital Command  
  124  23:21  Marauder x3, Marine, Command Center  
  131  23:28  Refinery, Siege Tank x2  
  131  23:29  Refinery  
  131  23:31  Marauder  
  139  23:42  Marauder  
  123  24:23  Marine  
  123  24:24  Marine x13  
  124  24:37  Planetary Fortress  
  124  24:41  SCV x4, Marine x3  
  131  24:53  SCV x2  
  133  25:01  Medivac x2  
  136  25:31  Marauder x4, Marine x8, Medivac x2  
  136  25:32  Thor x2  
  138  25:52  Marauder  
  139  26:23  Marauder x4, Marine  
  139  26:24  Marine x8  
Tags
 
Add a new tag
Caveats
  • Supply blocks, unpowered buildings, or Contaminate may cause inaccurate times.
  • Supply counts are checked every 10 seconds.